 Dungeon Crawl Stone Soup version 0.31-a0-175-g9f7f995f2b (webtiles) character file.

Game seed: 7382281612669873455

32 qw the Shooter (level 3, 0/21 HPs)
             Began as a Gargoyle Hunter on June 17, 2023.
             Slain by Robin
             ... wielding a +0 trident
              (4 damage)
             ... on level 2 of the Dungeon.
             The game lasted 00:00:17 (655 turns).

qw the Shooter (Gargoyle Hunter)                     Turns: 655, Time: 00:00:18

Health: 0/21       AC:  8    Str: 14    XL:     3   Next: 27%
Magic:  3/3        EV: 10    Int:  9    God:
Gold:   31         SH:  0    Dex: 15    Spells: 2/2 levels left

rFire   . . .        Y - +0 shortbow
rCold   . . .        (shield currently unavailable)
rNeg    + . .        e - +0 ring mail
rPois   inf          (no helmet)
rElec   +            (no cloak)
rCorr   .            (no gloves)
SInv    .            (no boots)
Will    .....        (no amulet)
Stlth   +            (no ring)
HPRegen 0.23/turn    (no ring)
MPRegen 0.08/turn

%: no passive effects
@: no status effects
A: sickness immunity, AC +3, negative energy resistance 1, electricity
resistance, torment resistance 1, petrification resistance
a: no special abilities


You were on level 2 of the Dungeon.
You visited 1 branch of the dungeon, and saw 2 of its levels.

You collected 31 gold pieces.


Innate Abilities, Weirdness & Mutations

You are immune to sickness and miasma.
Your stone body is resilient. (AC +3)
You are immune to poison.
You resist negative energy. (rN+)
You are resistant to electric shocks. (rElec)
You are resistant to unholy torment.
You are immune to petrification.


   Skills:
 - Level 2.1 Fighting
 + Level 4.9 Ranged Weapons
 - Level 1.0 Armour
 - Level 1.5 Dodging
 - Level 1.1 Stealth


You had 2 spell levels left.
You didn't know any spells.
Your spell library was empty.

Inventory:

Hand Weapons
 Y - a +0 shortbow (weapon)
Armour
 e - a +0 ring mail (worn)
Scrolls
 a - a scroll of teleportation {unknown}
Potions
 f - a potion of heal wounds {unknown}
 g - a potion of degeneration {unknown}
 j - a potion of cancellation {unknown}

Dungeon Overview and Level Annotations

Branches:
Dungeon (2/15)

Altars:

Annotations:
D:2 Robin


Message History

The goblin barely misses you.
You shoot an arrow. The arrow barely misses the goblin.
The arrow barely misses Robin.
The arrow hits the goblin!
You kill the goblin!
The goblin completely misses you. Robin closely misses you.
You shoot an arrow. The arrow hits the goblin!
You kill the goblin!
Robin hits you from afar with a +0 trident.
Your Armour skill increases to level 1!
You shoot an arrow. The arrow barely misses Robin.
The arrow hits the goblin but does no damage.
Robin throws the goblin at you! The goblin hits you but does no damage.
Robin barely misses you.
You shoot an arrow.
The arrow hits the goblin but does no damage.
Robin hits you from afar with a +0 trident.
The goblin barely misses you.
You shoot an arrow. The arrow closely misses the goblin.
Robin misses you. The goblin closely misses you.
You shoot an arrow. The arrow hits the goblin.
The goblin is heavily wounded.
The goblin hits you but does no damage. Robin throws the goblin at you!
Robin hits you but does no damage. The goblin barely misses you.
The goblin hits you but does no damage.
You shoot an arrow. The arrow closely misses the goblin.
The goblin no longer looks unusually strong.
Robin hits you but does no damage. The goblin hits you with a +0 dagger.
The goblin hits you with a +0 club.
You shoot an arrow. The arrow completely misses the goblin.
The goblin no longer looks unusually strong.
Robin misses you. The goblin hits you but does no damage.
The goblin hits you with a +0 club.
You shoot an arrow. The arrow hits the goblin!
You kill the goblin!
Robin closely misses you. The goblin closely misses you.
You shoot an arrow. The arrow hits the goblin!
You kill the goblin!
Robin says, "Bow before me, strongest of all the hobgoblins!"
Robin hits you from afar with a +0 trident.
You die...

### .).... ......
#.##.# #)##.######
#)##.##...# #
#g##.##...########
...
#)#..[............
#.:#@#..#########..##
#..)).........# #....
#....#..#####.###...#
###.##..# #........
... ..... ....#...#
###.####### ###.#...#
#. # #...# #. #....
#.#..


You could see Robin.

Vanquished Creatures
  2 dart slugs (D:1)
  An endoplasm (D:1)
  10 goblins
  3 jackals (D:1)
  2 quokkas (D:1)
  3 ball pythons (D:1)
  2 frilled lizards (D:1)
  2 kobolds (D:1)
  A rat (D:1)
26 creatures vanquished.

Notes
Turn   | Place    | Note
-------+----------+-------------------------------------------
     0 | D:1      | qw the Gargoyle Hunter began the quest for the Orb.
     0 | D:1      | Reached XP level 1. HP: 12/12 MP: 1/1
     0 | D:1      | 0 ||| qw: Version: 0.3-a-3-g30531e4
     0 | D:1      | 0 ||| qw: Game counter: 393
     0 | D:1      | 0 ||| qw: Always use a shield: true
     0 | D:1      | 0 ||| qw: God list: Okawaru
     0 | D:1      | 0 ||| qw: Allow faded altars: false
     0 | D:1      | 0 ||| qw: Do Orc after D:15 true
     0 | D:1      | 0 ||| qw: Do second Lair branch before Depths: true
     0 | D:1      | 0 ||| qw: Lair rune preference: random
     0 | D:1      | 0 ||| qw: Plans: Normal, Zot:1-4, Slime:5, God:TSO, Crypt,
                  | Tomb, Abyss, Pan, Hells, Win
     0 | D:1      | 0 ||| PLANNING D:1-11
    67 | D:1      | Reached XP level 2. HP: 17/17 MP: 2/2
   249 | D:1      | Found a faded altar of an unknown god.
   564 | D:1      | 564 ||| UPGRADING to +0 ring mail.
   574 | D:1      | 574 ||| DROPPING +0 leather armour.
   575 | D:1      | 575 ||| READING scroll labelled BYNO YSHOVEGOE.
   576 | D:1      | 576 ||| READING scroll labelled EJAGETH IKIAV.
   577 | D:1      | 577 ||| READING scroll labelled KEITSORORE.
   578 | D:1      | 578 ||| DROPPING scroll of butterflies.
   635 | D:2      | Reached XP level 3. HP: 21/21 MP: 3/3
   638 | D:2      | Identified the +2 helmet of the Swamp {rC- Regen+ Str+5
                  | Dex-3}
   638 | D:2      | Noticed Robin
   648 | D:2      | Reached skill level 1 in Armour
   652 | D:2      | HP: 5/21 [goblin/+0 club[Robin] (5)]
   655 | D:2      | Slain by Robin

Levels and vault maps discovered:
D:1:      wander_arrival_desolate, layout_loops_ring,
          shapermc_ecumenical_altar_venn, minivault_4,
          nicolae_kite_square_tiling_tiny
D:2:      layout_basic, uniq_robin

Skill      XL: |  1  2  3 |
---------------+----------+-----
Armour         | 1 |  1.0
Fighting       | |  2.1
Ranged Weapons | |  4.9
Dodging        | |  1.5
Stealth        | |  1.1

Action                     || total
---------------------------++-------
   Fire: Shortbow          ||    66
    Use: Scroll            ||     3
 Armour: Leather armour    ||     2
         Ring mail         ||    12
  Dodge: Dodged            ||    20

Table legend:
 A = Non-vault XP
 B = Vault XP
 C = Vault XP percentage of total XP
 D = Non-vault monster count
 E = Vault monster count
 F = Vault count percentage of total count
                 A         B        C        D         E       F
            +---------+---------+-------+---------+---------+-------
      Total |      33 |      16 |  32.7 |      18 |       8 |  30.8
            +---------+---------+-------+---------+---------+-------
        D:1 |      33 |       0 |   0.0 |      18 |       0 |   0.0
        D:2 |       0 |      16 | 100.0 |       0 |       8 | 100.0
            +---------+---------+-------+---------+---------+-------
